 Dungeon Crawl Stone Soup version 0.30.1-1-g62c8e00024 (webtiles) character file.

Game seed: 13640222895414249070

221 H0rd4k the Charlatan (level 6, 0/43 HPs)
             Began as a Human Artificer on July 17, 2023.
             Slain by a worm (7 damage)
             ... on level 2 of the Dungeon.
             The game lasted 00:01:26 (1070 turns).

H0rd4k the Charlatan (Human Artificer)              Turns: 1070, Time: 00:01:26

Health: 0/43       AC:  3    Str: 12    XL:     6   Next: 18%
Magic:  6/6        EV:  9    Int: 13    God:
Gold:   105        SH:  0    Dex: 14    Spells: 5/5 levels left

rFire   . . .        f - +0 club
rCold   . . .        (no shield)
rNeg    . . .        b - +0 leather armour
rPois   .            (no helmet)
rElec   .            (no cloak)
rCorr   .            (no gloves)
SInv    .            (no boots)
Will    .....        (no amulet)
Stlth   ++           (no ring)
HPRegen 0.27/turn    (no ring)
MPRegen 0.10/turn

%: no passive effects
@: constricted
A: no striking features
a: no special abilities


You were on level 2 of the Dungeon.
You visited 1 branch of the dungeon, and saw 2 of its levels.

You collected 105 gold pieces.

Inventory:

Hand Weapons
 f - a +0 club (weapon)
Armour
 b - a +0 leather armour (worn)
Jewellery
 a - a ring of protection from cold
Wands
 c - a wand of flame (15) (quivered)
 d - a wand of charming (15)
 e - a wand of iceblast (1)
Scrolls
 g - 2 scrolls of identify {unknown}
 h - 2 scrolls of immolation {unknown}
Potions
 i - a potion of heal wounds {unknown}
 j - a potion of might {unknown}


   Skills:
 + Level 1.5 Fighting
 + Level 1.9 Maces & Flails
 - Level 2.0 Armour
 + Level 2.1 Dodging
 + Level 1.4 Stealth
 + Level 1.1 Unarmed Combat
 + Level 5.1 Evocations


You had 5 spell levels left.
You didn't know any spells.
Your spell library contained the following spells:

 Spells                   Type           Power      Damage    Failure   Level
 Foxfire                  Conj/Fire      0%         2x1d4     36%         1
 Petrify                  Tmut/Erth      0%         N/A       98%         4
 Blade Hands              Tmut           0%         N/A       100%        5
 Fireball                 Conj/Fire      0%         3d3       100%        5
 Irradiate                Conj/Tmut      0%         3d11      100%        5
 Metabolic Englaciation   Hex/Ice        0%         N/A       100%        5
 Plasma Beam              Fire/Air       0%         2x1d11    100%        6
 Starburst                Conj/Fire      0%         6d3       100%        6
 Statue Form              Tmut/Erth      0%         N/A       100%        6
 Dragon Form              Tmut           0%         N/A       100%        7


Dungeon Overview and Level Annotations

Branches:
Dungeon (2/15)

Altars:

Shops:
D:1 [


Message History

You completely miss the worm.
The worm is moderately wounded.
The giant cockroach closely misses you. The ball python barely misses you. x2
The worm bites you!
You barely miss the worm.
The worm is lightly wounded.
The giant cockroach closely misses you. The ball python misses you. x3
The ball python barely misses you. The giant cockroach bites you.
You hit the worm.
The worm is moderately wounded.
The giant cockroach misses you.
The ball python bites you but does no damage.
The ball python misses you. The worm bites you!
You barely miss the worm.
The worm is lightly wounded.
The giant cockroach closely misses you. The ball python barely misses you.
The ball python completely misses you. The worm barely misses you.
The giant cockroach bites you but does no damage.
The ball python barely misses you. The ball python grabs you.
The ball python constricts you.
You completely miss the ball python. The giant cockroach closely misses you.
The ball python bites you but does no damage.
The ball python constricts you. The worm barely misses you.
You completely miss the ball python. The giant cockroach barely misses you.
The ball python misses you. The ball python constricts you.
The giant cockroach bites you but does no damage.
The ball python closely misses you. The ball python constricts you.
You hit the ball python but do no damage.
The giant cockroach bites you. The worm bites you!
The ball python closely misses you. The ball python constricts you.
You hit the ball python.
The ball python is severely wounded.
The giant cockroach bites you.
* * * LOW HITPOINT WARNING * * *
The ball python bites you.
* * * LOW HITPOINT WARNING * * *
The ball python constricts you.
* * * LOW HITPOINT WARNING * * *
The worm bites you!
You die...

## #...............# >#
#...............# .#####
#............S..#
..)..###.†.............#
####..###.............#
##.###.^..........# #
#.....######.##.##
#####.........##S#
...#..........##@#
##............##wB#
>...#.........#.....
#####.........#.......
#...).....#.........
###########.........
#......... #.........


You could see a worm, a giant cockroach and a ball python.

Vanquished Creatures
  Sigmund (D:2)
  Natasha (D:2)
  A dart slug (D:1)
  2 endoplasms
  A giant cockroach (D:1)
  A hobgoblin (D:2)
  4 jackals (D:2)
  2 quokkas
  4 ball pythons (D:1)
  A bat (D:1)
  3 frilled lizards (D:1)
  4 kobolds
  2 rats
27 creatures vanquished.

Notes
Turn   | Place    | Note
-------+----------+-------------------------------------------
     0 | D:1      | H0rd4k the Human Artificer began the quest for the Orb.
     0 | D:1      | Reached XP level 1. HP: 15/15 MP: 1/1
   255 | D:1      | Reached XP level 2. HP: 17/21 MP: 2/2
   275 | D:1      | Found Ydanwif's Antique Armour Boutique.
   837 | D:2      | Noticed Natasha
   839 | D:2      | Killed Natasha
   840 | D:2      | Reached skill level 4 in Evocations
   840 | D:2      | Reached XP level 3. HP: 23/26 MP: 3/3
   868 | D:2      | Noticed Sigmund
   872 | D:2      | Killed Sigmund
   873 | D:2      | Reached skill level 1 in Maces & Flails
   873 | D:2      | Reached skill level 1 in Unarmed Combat
   873 | D:2      | Reached skill level 5 in Evocations
   873 | D:2      | Reached XP level 4. HP: 32/32 MP: 4/4
   873 | D:2      | Reached XP level 5. HP: 37/37 MP: 5/5
   873 | D:2      | Reached XP level 6. HP: 43/43 MP: 6/6
  1070 | D:2      | Slain by a worm

Illustrated notes

Levels and vault maps discovered:
D:1:      dpeg_arrival_rooms_a, layout_basic, serial_shops, shop
D:2:      layout_rooms, basic_ecumenical_altar, uniq_sigmund, uniq_natasha

Skill      XL: |  1  2  3 |
---------------+----------+-----
Evocations     | 4 5 |  5.1
Maces & Flails | 1 |  1.9
Dodging        | 2 |  2.1
Unarmed Combat | 1 |  1.1
Fighting       | |  1.5
Armour         | |  2.0
Stealth        | |  1.4

Action                     |  1- 3 |  4- 6 || total
---------------------------+-------+-------++-------
  Melee: Unarmed           |    20 |       ||    20
         Club              |    57 |    59 ||   116
         Punch             |     2 |     2 ||     4
  Evoke: Wand              |     4 |       ||     4
 Armour: Leather armour    |    29 |    20 ||    49
  Dodge: Dodged            |    44 |    63 ||   107
